AoeStats
← sadhwani.i.s.m

Arabian Desert

509371744Analyzed
1v1 RM · 4d ago on Sep 26, 2026· 31m 25s· 2 players
Game mode
Random Map
Map size
Tiny (2 player)
Population
200
Speed
Normal
Resources
Standard
Victory
Conquest
Starting age
Dark Age
Ending age
Imperial Age
RankedLock teamsTeams togetherTeam positionsShared explorationLock speedFull tech treeHidden civsTurbo modeCheats
Victory
Defeat
🇮🇳 Vietnamese · India
706
+14
🇨🇳 Teutons · China
653
-14
苏坊
11:22 Feudal Age
15:42 Castle Age
13:40 Double-Bit Axe
13:48 Horse Collar
22:06 Wheelbarrow
21:23 Loom
23:29 Hand Cart
24:44 Gold Mining
28:43 Ironclad
32:21 Imperial Age
sadhwani.i.s.m
1:27 Loom
10:45 Feudal Age
11:21 Double-Bit Axe
11:18 Horse Collar
14:34 Wheelbarrow
16:09 Town Watch
19:13 Castle Age
17:33 Stone Mining
17:34 Gold Mining
18:36 Forging
20:31 Stone Shaft Mining
20:07 Bow Saw
20:10 Town Watch
22:08 Heavy Plow
24:56 Hand Cart
31:02 Imperial Age
29:53 Fletching
30:04 Padded Archer Armor
30:05 Scale Mail Armor
30:41 Iron Casting
30:12 Scale Barding Armor
30:48 Squires
30:35 Arson
30:36 Man-at-Arms
Connection lost

Rejoining the realm…

Still unreachable

The connection could not be restored.

Session expired

The server has moved on; the page needs a fresh start.